 Dungeon Crawl Stone Soup version 0.29-a0-231-g945431f764 (webtiles) character file.

Game seed: 15674461895454186964

833 HotDog the Poker (level 7, -4/56 HPs)
             Began as a Merfolk Fighter on Mar 1, 2022.
             Was an Initiate of Yredelemnul.
             Killed by divine providence
             ... invoked by an orc priest
              (16 damage)
             ... on level 6 of the Dungeon.
             The game lasted 00:10:04 (5607 turns).

HotDog the Poker (Merfolk Fighter)                  Turns: 5607, Time: 00:10:05

Health: -4/56      AC: 17    Str: 23    XL:     7   Next: 98%
Magic:  9/9        EV: 13    Int:  7    God:    Yredelemnul [......]
Gold:   1075       SH: 10    Dex: 15    Spells: 9/9 levels left

rFire   + . .      SeeInvis .   a - +0 trident
rCold   . . .      Faith    .   c - +0 buckler
rNeg    . . .      Spirit   .   h - +4 chain mail {rF+}
rPois   .          Reflect  +   b - +2 helmet
rElec   .          Harm     .   (no cloak)
rCorr   .          Rampage  .   (no gloves)
Will    .....                   p - +0 pair of boots
Stlth   ..........              n - amulet of reflection
HPRegen 0.18/turn               m - +4 ring of evasion
MPRegen 0.11/turn               k - +6 ring of strength

@: no status effects
A: (nimble swimmer 2), mertail
a: Renounce Religion, Recall Undead Harvest


You were on level 6 of the Dungeon.
You worshipped Yredelemnul.
Yredelemnul was noncommittal.
You visited 2 branches of the dungeon, and saw 7 of its levels.

You collected 1270 gold pieces.
You spent 195 gold pieces at shops.

Inventory:

Hand Weapons
 a - a +0 trident (weapon)
Armour
 b - a +2 helmet (worn)
 c - a +0 buckler (worn)
 h - a +4 chain mail of fire resistance (worn)
 p - a +0 pair of boots (worn)
Jewellery
 e - a ring of positive energy
 k - a +6 ring of strength (right hand)
 m - a +4 ring of evasion (left hand)
 n - an amulet of reflection (around neck)
Wands
 q - a wand of flame (10)
Scrolls
 g - 4 scrolls of teleportation
 i - 4 scrolls of identify
 j - 2 scrolls of vulnerability {unknown}
 l - a scroll of blinking
 o - a scroll of magic mapping
 u - 2 scrolls of fog {unknown}
 w - 5 scrolls of noise {unknown}
Potions
 d - a potion of might
 f - 2 potions of attraction
 r - 2 potions of brilliance
 s - a potion of curing
 v - a potion of heal wounds {unknown}
 x - a potion of degeneration {unknown}


   Skills:
 * Level 5.4 Fighting
 - Level 2.1(2.5) Short Blades
 - Level 2.1(2.5) Long Blades
 - Level 1.3(3.4) Axes
 - Level 1.3(1.9) Maces & Flails
 * Level 7.5(7.9) Polearms
 - Level 1.3(3.4) Staves
 - Level 1.3(1.6) Slings
 - Level 1.3 Bows
 - Level 1.3 Crossbows
 - Level 1.6(2.0) Throwing
 + Level 3.3 Armour
 * Level 4.6 Dodging
 * Level 5.0 Shields
 - Level 1.8 Unarmed Combat
 - Level 1.9 Spellcasting
 - Level 1.3 Conjurations
 - Level 1.6 Hexes
 - Level 1.6 Summonings
 - Level 1.3 Necromancy
 - Level 1.6 Translocations
 - Level 2.9 Transmutations
 - Level 1.1 Fire Magic
 - Level 1.8 Ice Magic
 - Level 1.3 Air Magic
 - Level 1.3 Earth Magic
 - Level 1.8 Poison Magic
 * Level 2.1 Invocations


You had 9 spell levels left.
You didn't know any spells.
Your spell library contained the following spells:

 Spells                   Type           Power      Damage    Failure   Level
 Freeze                   Ice            12%        1d4       88%         1
 Animate Skeleton         Necr           4%         N/A       93%         1
 Pain                     Necr           8%         1d4       93%         1
 Frozen Ramparts          Ice            6%         1d2       99%         3
 Vampiric Draining        Necr           2%         2d6       100%        3
 Hailstorm                Conj/Ice       2%         3d3       100%        4


Dungeon Overview and Level Annotations

Branches:
Dungeon (6/15)             Temple (1/1) D:4

Altars:
Ashenzari
Cheibriados
Dithmenos
Elyvilon
Fedhas
Gozag
Hepliaklqana
Kikubaaqudgha
Makhleb
Okawaru
Qazlal
Ru
Sif Muna
Trog
Uskayaw
Vehumet
Wu Jian
Xom
Yredelemnul
Zin
The Shining One

Shops:
D:1 [   D:3 [   D:4 :


Innate Abilities, Weirdness & Mutations

((You are very nimble when in or above water. (Stealth+, EV+, Speed+++)))
Your lower body shifts to a powerful aquatic tail in water.


Message History

The orc closely misses you.
The orc priest mumbles some strange prayers to Beogh against you.
Beogh smites you!
* * * LOW HITPOINT WARNING * * *
You swap places.
The orc barely misses your orc warrior zombie.
Your orc warrior zombie hits the orc.
The orc dies!
Reach: a) +0 trident
Press: ? - help, Dir - move target, f - orc priest
Aim: an orc priest, wielding a +0 short sword (about 37% to evade your +0 trident)
You could not reach far enough!
The orc priest hits your orc warrior zombie with a +0 short sword!
Unknown command.
Reach: a) +0 trident
Press: ? - help, Dir - move target, f/p - orc priest
Aim: an orc priest, wielding a +0 short sword (ally target, about 37% to evade your +0 trident)
You could not reach far enough!
The orc priest hits your orc warrior zombie with a +0 short sword!
Reach: a) +0 trident
Press: ? - help, Dir - move target, f/p - orc priest
Aim: an orc priest, wielding a +0 short sword (ally target, about 37% to evade your +0 trident)
You reach to attack!
You puncture the orc priest!
The orc priest is heavily wounded.
Your orc warrior zombie barely misses the orc priest.
The orc priest hits your orc warrior zombie with a +0 short sword.
Reach: a) +0 trident
Press: ? - help, Dir - move target, f/p - orc priest
Aim: an orc priest, wielding a +0 short sword (heavily wounded, ally target, about 37% to evade your +0 trident)
You could not reach far enough!
Your orc warrior zombie barely misses the orc priest.
Unknown command.
Reach: a) +0 trident
Press: ? - help, Dir - move target, f/p - orc priest
Aim: an orc priest, wielding a +0 short sword (heavily wounded, ally target, about 37% to evade your +0 trident)
You could not reach far enough!
The orc priest calls down the wrath of Beogh upon you.
Beogh smites you!
You die...
Your body rises from the dead as a mindless zombie.

#.# . . #.# . .
#.#.#.# #.#.#.#
...... ..
###.#.#....
#<........#
####.######.#..##.
........@Zo{....#
..#..######.#...#
... [.#...# . #.#
..# #.# ...o #.#
.#o. ... ...o .#


You could see an orc priest (ally target) and a friendly orc warrior zombie.

Vanquished Creatures
  An orc warrior (D:6)
  A necrophage (D:3)
  A hound (D:5)
  An orc priest (D:3)
  Jessica (D:3)
  An iguana (D:4)
  An orc wizard (D:5)
  Natasha (thrice) (D:2)
  Robin (D:3)
  A gnoll (D:5)
  6 adders
  2 ufetubi
  2 worms
  15 orcs
  6 ball pythons
  4 bats
  4 endoplasms
  2 giant cockroaches
  17 goblins
  9 hobgoblins
  3 jackals (D:2)
  3 kobolds
  2 quokkas
  A frilled lizard (D:1)
  14 rats
102 creatures vanquished.

Vanquished Creatures (collateral kills)
  An ogre (D:5)
  A jelly (D:5)
  An adder (D:4)
  An orc (D:6)
  A hobgoblin (D:4)
  A quokka (D:4)
  8 rats (D:4)
14 creatures vanquished.

Vanquished Creatures (others)
  An adder zombie (D:5)
  An orc zombie (D:4)
  5 rat zombies (D:4)
7 creatures vanquished.

Grand Total: 123 creatures vanquished

Notes
Turn   | Place    | Note
-------+----------+-------------------------------------------
     0 | D:1      | HotDog the Merfolk Fighter began the quest for the Orb.
     0 | D:1      | Reached XP level 1. HP: 18/18 MP: 1/1
   137 | D:1      | Found Fali's Antique Armour Shoppe.
   537 | D:1      | Reached XP level 2. HP: 11/24 MP: 2/2
   816 | D:1      | Found a faded altar of an unknown god.
  1356 | D:2      | Reached skill level 3 in Polearms
  1377 | D:2      | Noticed Natasha
  1386 | D:2      | Killed Natasha
  1387 | D:2      | Reached skill level 1 in Dodging
  1387 | D:2      | Reached XP level 3. HP: 17/30 MP: 3/3
  1397 | D:2      | Noticed Natasha
  1404 | D:2      | Killed Natasha
  1405 | D:2      | Reached skill level 4 in Polearms
  1405 | D:2      | Reached XP level 4. HP: 21/37 MP: 4/4
  1486 | D:2      | Noticed Natasha
  1500 | D:2      | Killed Natasha
  1713 | D:2      | Noticed Robin
  2180 | D:3      | Killed Robin
  2181 | D:3      | Reached XP level 5. HP: 27/42 MP: 5/5
  2584 | D:2      | Reached skill level 5 in Polearms
  2649 | D:2      | Reached skill level 5 in Fighting
  2649 | D:2      | Reached skill level 1 in Axes
  2649 | D:2      | Reached skill level 1 in Maces & Flails
  2649 | D:2      | Reached skill level 6 in Polearms
  2649 | D:2      | Reached skill level 1 in Staves
  2649 | D:2      | Reached skill level 1 in Slings
  2649 | D:2      | Reached skill level 1 in Bows
  2649 | D:2      | Reached skill level 1 in Crossbows
  2649 | D:2      | Reached skill level 1 in Throwing
  2649 | D:2      | Reached skill level 1 in Unarmed Combat
  2649 | D:2      | Reached skill level 1 in Spellcasting
  2649 | D:2      | Reached skill level 1 in Conjurations
  2649 | D:2      | Reached skill level 1 in Hexes
  2649 | D:2      | Reached skill level 1 in Summonings
  2649 | D:2      | Reached skill level 1 in Necromancy
  2649 | D:2      | Reached skill level 1 in Translocations
  2649 | D:2      | Reached skill level 1 in Fire Magic
  2649 | D:2      | Reached skill level 1 in Ice Magic
  2649 | D:2      | Reached skill level 1 in Air Magic
  2649 | D:2      | Reached skill level 1 in Earth Magic
  2649 | D:2      | Reached skill level 1 in Poison Magic
  2649 | D:2      | Reached skill level 1 in Invocations
  2649 | D:2      | Reached XP level 6. HP: 5/51 MP: 5/8
  3703 | D:3      | Found Fyrrocke's Antique Armour Boutique.
  3983 | D:3      | Reached XP level 7. HP: 56/56 MP: 9/9
  4078 | D:3      | Noticed Jessica
  4082 | D:3      | Killed Jessica
  4253 | D:4      | Identified the +3 leather armour "Fesh" {rPois rCorr Str-5
                  | Int+6}
  4317 | D:4      | Identified a scroll of acquirement
  4319 | D:4      | Acquired 1045 gold pieces
  4441 | D:1      | Bought a runed chain mail for 195 gold pieces
  4566 | D:4      | Found a staircase to the Ecumenical Temple.
  4584 | Temple   | Entered the Ecumenical Temple
  4761 | Temple   | Became a worshipper of Yredelemnul the Dark
  4861 | D:4      | Reached * piety under Yredelemnul
  4960 | D:4      | Found Buicleo's Book Shoppe.
  5124 | D:4      | Reached ** piety under Yredelemnul
  5332 | D:5      | Entered Level 5 of the Dungeon
  5348 | D:5      | Reached skill level 7 in Polearms
  5600 | D:6      | Reached skill level 5 in Shields
  5607 | D:6      | Killed from afar by an orc priest

Illustrated notes

Levels and vault maps discovered:
D:1:      dpeg_arrival_houses_and_road, layout_loops_corners,
          shapermc_ecumenical_altar_hornbeckon, serial_shops,
          nicolae_shop_hallway_stairs, minmay_bisected
D:2:      cheibrodos_greedy_goblins, layout_loops_cross, uniq_natasha,
          uniq_robin
D:3:      layout_loops_cross, serial_shops, shop, uniq_jessica
D:4:      layout_basic, minmay_temple_entry_waves, nicolae_stop_n_shop_1,
          eino_small_chamber_without_monster, minmay_rat_hole
D:5:      cheibrodos_two_vegetables, layout_basic, serial_curves,
          eino_curves_04, eino_curves_04, eino_curves_02, serial_shops,
          shop_statue
D:6:      layout_basic
Temple:   kilobyte_greek_temple

Skill      XL: |  1  2  3  4  5  6  7 |
---------------+----------------------+-----
Polearms       | 3 4 6 7 |  7.5
Dodging        | 1 4 |  4.6
Fighting       | 5 |  5.4
Short Blades   | 2 |  2.1
Long Blades    | 2 |  2.1
Axes           | 1 |  1.3
Maces & Flails | 1 |  1.3
Staves         | 1 |  1.3
Slings         | 1 |  1.3
Bows           | 1 |  1.3
Crossbows      | 1 |  1.3
Throwing       | 1 |  1.6
Armour         | 3 |  3.3
Shields        | 4 5 |  5.0
Unarmed Combat | 1 |  1.8
Spellcasting   | 1 |  1.9
Conjurations   | 1 |  1.3
Hexes          | 1 |  1.6
Summonings     | 1 |  1.6
Necromancy     | 1 |  1.3
Translocations | 1 |  1.6
Transmutations | 2 |  2.9
Fire Magic     | 1 |  1.1
Ice Magic      | 1 |  1.8
Air Magic      | 1 |  1.3
Earth Magic    | 1 |  1.3
Poison Magic   | 1 |  1.8
Invocations    | 1 2 |  2.1

Action                   |  1- 3 |  4- 6 |  7- 9 || total
-------------------------+-------+-------+-------++-------
Melee: Trident           |    44 |   207 |   138 ||   389
  Use: Scroll            |       |     3 |     6 ||     9
       Potion            |       |     5 |       ||     5
Armor: Scale mail        |     9 |    75 |       ||    84
       Chain mail        |       |    12 |    35 ||    47
       Skin              |       |     5 |       ||     5
Dodge: Dodged            |     9 |    74 |    52 ||   135
Block: Buckler           |     6 |    86 |    45 ||   137
       Reflection        |       |     1 |       ||     1

Table legend: (Time is in decaauts)
 A = Elapsed time spent in this place.
 B = Non-inter-level travel time spent in this place.
 C = Inter-level travel time spent in this place.
 D = Time resting spent in this place.
 E = Time spent auto-exploring this place.
 F = Levels seen in this place.
 G = Mean time per level.
                   A        B        C        D        E       F      G
               +--------+--------+--------+--------+--------+-----+--------+
         Total |   5616 |   5139 |    477 |   1190 |   3018 |   7 |  802.3 |
       Dungeon |   5406 |   4951 |    455 |   1190 |   2864 |   6 |  901.0 |
        Temple |    209 |    187 |     22 |      0 |    154 |   1 |  209.0 |
               +--------+--------+--------+--------+--------+-----+--------+

Top non-repeatable levels by time:
     D:2: 1859 daAuts
     D:1: 1335 daAuts
     D:3: 1233 daAuts
     D:4: 708 daAuts
  Temple: 209 daAuts
     D:5: 178 daAuts
     D:6: 91 daAuts
